 Dungeon Crawl Stone Soup version 0.18.1-5-g4a78601 (webtiles) character file.

46 M4edhros the Sneak (level 3, 0/23 HPs)
             Began as an Octopode Artificer on May 13, 2016.
             Slain by Prince Ribbit (19 damage)
             ... on level 5 of the Dungeon.
             The game lasted 00:00:48 (1031 turns).

M4edhros the Sneak (Octopode Artificer)             Turns: 1031, Time: 00:00:49

Health: 0/23       AC:  1    Str: 10    XL:     3   Next: 68%
Magic:  5/5        EV: 12    Int: 14    God:
Gold:   32         SH:  0    Dex: 13    Spells: 0 memorised, 2 levels left

rFire  . . .     SeeInvis .     a - +0 short sword
rCold  . . .     Gourm    .     (no shield)
rNeg   . . .     Faith    .     (helmet restricted)
rPois  .         Spirit   .     (no amulet)
rElec  .         Dismiss  .     (no ring)
rCorr  .         Reflect  .     (no ring)
SustAt .         Harm     .     (no ring)
MR     .....                    (no ring)
Stlth  ++++......               (no ring)
                                (no ring)
                                (no ring)
                                (no ring)

@: marked, not resistant to hostile enchantments, stealthy
A: almost no armour, amphibious, 8 rings, constrict 8, camouflage 1, gelatinous
body 1
a: no special abilities


You were on level 5 of the Dungeon.
You were not hungry.

You visited 1 branch of the dungeon, and saw 5 of its levels.

You collected 74 gold pieces.
You spent 42 gold pieces at shops.

Inventory:

Hand Weapons
 a - a +0 short sword (weapon)
Wands
 b - a wand of flame (15/48)
 c - a wand of enslavement (15/24)
 d - a wand of random effects (15/48)
 o - a wand of teleportation (6/9)
Scrolls
 e - 3 scrolls of identify {unknown}
 i - a scroll of teleportation {unknown}
 j - a scroll of noise {unknown}
 k - 2 scrolls of remove curse {unknown}
 m - a scroll of fear {unknown}
Potions
 g - 2 potions of heal wounds {unknown}
 l - a potion of flight {unknown}
 n - a potion of lignification
Comestibles
 f - a bread ration
 h - 2 meat rations


   Skills:
 - Level 1.0 Fighting
 - Level 1.0 Short Blades
 - Level 2.0 Dodging
 + Level 5.0 Stealth
 - Level 3.2 Evocations


You had 2 spell levels left.
You didn't know any spells.

Dungeon Overview and Level Annotations

Branches:
Dungeon (5/15)
 Temple: D:4-7

Altars:
Ashenzari
Kikubaaqudgha

Shops:
D:4 *

Annotations:
D:5 Prince Ribbit


Innate Abilities, Weirdness & Mutations

You cannot wear most types of armour.
You are amphibious.
You can wear up to eight rings at the same time.
You can use your tentacles to constrict eight enemies at once.
Your skin changes colour to match your surroundings (Stealth).
Your rubbery body absorbs attacks (AC +1).


Message History

You hear a shout!
You hear an angry hiss.
You hear a shout!
Found 10 poisoned needles.
You open the door.
A giant frog skeleton comes into view.
Found a scroll labeled SEFAUL VOAFU and a scroll labeled GIULOW FOIGH.
There is an open door here.
You swing at nothing.
You swing at nothing.
You swing at nothing.
You swing at nothing.
Prince Ribbit comes into view.
You hit the giant frog skeleton but do no damage.
You grab the giant frog skeleton. You constrict the giant frog skeleton.
The giant frog skeleton hits you. x2
You completely miss the giant frog skeleton.
You constrict the giant frog skeleton. The giant frog skeleton hits you.
You hit the giant frog skeleton. You constrict the giant frog skeleton.
Prince Ribbit hits you!!
Ouch! That really hurt!
You die...

#.###.###......... #.#
#.# #.........
##.###'###.........
#..###_'...........
#..###'###.........
####..# #.# #.#(.##..#
#####.....###.###.#..#
..#
...............(.......
#.......F@^..#..........
#.......Z....+...##..###
#..###..#######. + ##
##'# ## #..............
#..?...........
...............
?..............
............Z..


You could see Prince Ribbit and a giant frog skeleton.

Vanquished Creatures
  3 adders
  A dart slug (D:1)
  2 giant cockroaches (D:1)
  A goblin (D:1)
  2 hobgoblins
  2 kobolds
  3 bats (D:1)
  2 giant newts
  3 rats
19 creatures vanquished.

Notes
Turn   | Place    | Note
--------------------------------------------------------------
     0 | D:1      | M4edhros the Octopode Artificer began the quest for the Orb.
     0 | D:1      | Reached XP level 1. HP: 13/13 MP: 3/3
   166 | D:1      | Reached skill level 2 in Stealth
   422 | D:1      | Reached skill level 3 in Stealth
   422 | D:1      | Reached XP level 2. HP: 18/18 MP: 4/4
   646 | D:2      | Reached skill level 4 in Stealth
   646 | D:2      | Reached XP level 3. HP: 20/23 MP: 5/5
   878 | D:4      | Found Jiuc's General Store.
   889 | D:4      | Reached skill level 5 in Stealth
   897 | D:4      | Bought a potion of lignification for 42 gold pieces
   957 | D:4      | Found a shattered altar of Ashenzari.
   966 | D:5      | Entered Level 5 of the Dungeon
   997 | D:5      | Found an ancient bone altar of Kikubaaqudgha.
  1029 | D:5      | Noticed Prince Ribbit
  1031 | D:5      | Slain by Prince Ribbit

Skill      XL: |  1  2  3 |
---------------+----------+-----
Stealth        | 3 4 5 |  5.0
Fighting       | |  1.0
Short Blades   | |  1.0
Dodging        | |  2.0
Evocations     | |  3.2

Action                   || total
-------------------------++-------
Melee: Short sword       ||    41
       Tentacles         ||     9
       Constrict         ||     8
 Stab: Sleeping          ||     6
       Distracted        ||     1
Armor: Skin              ||     4
Dodge: Dodged            ||    15
